 Dungeon Crawl Stone Soup version 0.20-a0-1062-g7b787ac (webtiles) character file.

86 mkm the Cudgeler (level 4, -1/41 HPs)
             Began as a Minotaur Berserker on Apr 27, 2017.
             Was a Believer of Trog.
             Slain by an orc
             ... wielding a +0 club
              (4 damage)
             ... while paralysed by Grinder
             ... on level 3 of the Dungeon.
             The game lasted 00:07:01 (1549 turns).

mkm the Cudgeler (Minotaur Berserker)               Turns: 1549, Time: 00:07:02

Health: -1/41      AC:  5    Str: 22    XL:     4   Next: 26%
Magic:  3/3        EV:  2    Int:  4    God:    Trog [**....]
Gold:   112        SH:  0    Dex: 10    Spells: 3/3 levels left

rFire    . . .     SeeInvis .   a - +0 mace
rCold    . . .     Gourm    .   (no shield)
rNeg     . . .     Faith    .   f - +0 leather armour
rPois    .         Spirit   .   (helmet restricted)
rElec    .         Reflect  .   b - +1 cloak
rCorr    .         Harm     .   (no gloves)
MR       .....                  (no boots)
Stlth    +.........             (no amulet)
Regen    0.2/turn               (no ring)
MPRegen  0.1/turn               (no ring)

@: paralysed
A: retaliatory headbutt, horns 2
a: Berserk, Trog's Hand, Burn Spellbooks, Renounce Religion


You were on level 3 of the Dungeon.
You worshipped Trog.
Trog was pleased with you.
You were not hungry.

You visited 1 branch of the dungeon, and saw 3 of its levels.

You collected 112 gold pieces.

Inventory:

Hand Weapons
 a - a +0 mace (weapon)
 n - a +1 club
Armour
 b - a +1 cloak (worn)
 f - a +0 leather armour (worn)
Scrolls
 e - a scroll of fog {unknown}
 h - 2 scrolls of enchant armour
 i - 3 scrolls of identify
 k - 2 scrolls of remove curse
 l - a scroll of teleportation
Potions
 m - 2 potions of curing
Comestibles
 c - a bread ration
 d - 2 royal jellies


   Skills:
 + Level 4.6 Fighting
 + Level 4.7 Maces & Flails
 + Level 3.0 Armour
 + Level 2.7 Dodging
 + Level 0.1 Stealth


You had 3 spell levels left.
You didn't know any spells.

Dungeon Overview and Level Annotations

Branches:
Dungeon (3/15)

Altars:

Annotations:
D:3 Grinder


Innate Abilities, Weirdness & Mutations

You reflexively headbutt those who attack you in melee.
You have a pair of horns on your head.


Message History

Grinder hits you!
* * * LOW HITPOINT WARNING * * *
An orc priest comes into view. It is wielding a whip.
The orc priest shouts!
You sock Grinder!
Grinder is heavily wounded.
Grinder hits you.
* * * LOW HITPOINT WARNING * * *
You writhe in agony.
* * * LOW HITPOINT WARNING * * *
Grinder gestures at you.
You suddenly lose the ability to move!
The orc hits you but does no damage.
The giant cockroach zombie waves its antennae.
Grinder hits you.
* * * LOW HITPOINT WARNING * * *
You writhe in agony.
* * * LOW HITPOINT WARNING * * *
The orc hits you with a club.
You die...

.... #...# #....
#....## .....#
...## . #..# ...
######<.###.....
.........@5oo....
####..#.##o#.....
##.#<# .Z. ... #
..# ##... ) #...
..o.. .... ....
###.# .## #. .#


You could see Grinder, 2 orc priests, 2 orcs and a giant cockroach zombie.

Vanquished Creatures
  Robin (D:2)
  An adder (D:2)
  A worm (D:2)
  A dart slug (D:1)
  3 leopard geckos (D:1)
  3 giant cockroaches
  9 goblins (D:2)
  6 hobgoblins
  7 jackals
  3 kobolds
  A quokka (D:2)
  8 bats
  4 frilled lizards
  5 rats
53 creatures vanquished.

Notes
Turn   | Place    | Note
-------+----------+-------------------------------------------
     0 | D:1      | mkm the Minotaur Berserker began the quest for the Orb.
     0 | D:1      | Reached XP level 1. HP: 19/19 MP: 0/0
   218 | D:1      | Reached XP level 2. HP: 24/27 MP: 1/1
   679 | D:1      | Reached XP level 3. HP: 31/33 MP: 2/2
   911 | D:2      | Reached ** piety under Trog
   962 | D:2      | Noticed Robin
   975 | D:2      | Killed Robin
  1209 | D:2      | Reached XP level 4. HP: 41/41 MP: 3/3
  1298 | D:2      | Found a faded altar of an unknown god.
  1539 | D:3      | Noticed Grinder
  1547 | D:3      | Paralysed by Grinder for 7 turns
  1549 | D:3      | Slain by an orc

Vault maps used:
D:1:      minmay_arrival_loop
D:2:      chequers_ecumenical_altar_lobes, uniq_robin
D:3:      marbit_many_paths, grunt_decor_fettered, st_stairs_7, uniq_ijyb,
          uniq_grinder

Skill      XL: |  1  2  3  4 |
---------------+-------------+-----
Maces & Flails | 4 |  4.7
Fighting       | 4 |  4.6
Armour         | 3 |  3.0
Dodging        | |  2.7
Stealth        | |  0.1

Action                   |  1- 3 |  4- 6 || total
-------------------------+-------+-------++-------
Melee: Mace              |    89 |    21 ||   110
       Headbutt          |    14 |     2 ||    16
  Use: Potion            |     4 |     1 ||     5
       Scroll            |     7 |       ||     7
  Eat: Chunk             |     1 |     1 ||     2
Armor: Leather armour    |    35 |     6 ||    41
Dodge: Dodged            |    67 |    12 ||    79
